AoeStats
← adrian_mg123

MegaRandom

509510833Analyzed
4v4 RM · 7d ago on Sep 27, 2026· 39m 16s· 8 players
Game mode
Random Map
Map size
Large (8 player)
Population
200
Speed
Normal
Resources
Standard
Victory
Conquest
Starting age
Dark Age
Ending age
Imperial Age
RankedLock teamsTeams togetherTeam positionsShared explorationLock speedFull tech treeHidden civsTurbo modeCheats
Victory
Defeat
🇺🇸 Bohemians · United States
1182
+15
🇺🇸 Vietnamese · United States
1169
+15
🇺🇸 Danes · United States
1118
+18
🇺🇸 Varangians · United States
1093
+19
🇨🇴 Mongols · Colombia
1233
-20
🇧🇷 Persians · Brazil
1156
-17
🇦🇷 Armenians · Argentina
1128
-16
🇨🇴 Italians · Colombia
1097
-14
ggggidea
7:24 Loom
9:52 Feudal Age
11:09 Wheelbarrow
10:21 Double-Bit Axe
14:11 Fletching
17:50 Horse Collar
23:31 Castle Age
21:47 Scale Mail Armor
22:33 Padded Archer Armor
23:36 Arson
23:41 Crossbowman
24:21 Bodkin Arrow
24:18 Pikeman
25:49 Bow Saw
26:41 Squires
29:20 Hand Cart
29:56 Elite Skirmisher
33:11 Scale Barding Armor
33:43 Leather Archer Armor
38:29 Bloodlines
39:38 Gold Mining
39:42 Stone Mining
dong
4:38 Loom
11:55 Feudal Age
12:29 Double-Bit Axe
12:27 Horse Collar
16:45 Castle Age
15:15 Gold Mining
15:55 Bloodlines
17:46 Heavy Plow
19:51 Bow Saw
23:56 Stone Mining
26:05 Wheelbarrow
29:07 Scale Barding Armor
29:12 Forging
30:08 Chain Barding Armor
30:15 Husbandry
32:35 Hand Cart
39:11 Imperial Age
37:22 Stone Shaft Mining
36:44 Vendel Legacy
38:31 Iron Casting
DIYwoo
1:09 Loom
11:17 Feudal Age
12:14 Double-Bit Axe
16:16 Castle Age
17:12 Bow Saw
18:26 Chemistry
18:43 Wheelbarrow
30:34 Ballistics
一杯茶
7:50 Loom
11:05 Feudal Age
18:38 Castle Age
18:14 Double-Bit Axe
18:17 Horse Collar
31:34 Scale Mail Armor
34:06 Forging
36:57 Chain Mail Armor
39:03 Iron Casting
Feioso
11:27 Feudal Age
10:35 Loom
15:49 Castle Age
17:22 Double-Bit Axe
29:50 Wheelbarrow
31:13 Bow Saw
mjb 2
11:01 Feudal Age
13:25 Loom
13:55 Loom
16:40 Castle Age
16:49 Double-Bit Axe
27:08 Bloodlines
31:28 Wheelbarrow
Miposhka
4:47 Loom
10:38 Feudal Age
12:31 Horse Collar
17:25 Wheelbarrow
17:59 Bloodlines
18:38 Scale Barding Armor
20:14 Forging
20:24 Double-Bit Axe
23:06 Castle Age
22:33 Gold Mining
24:07 Chain Barding Armor
24:29 Husbandry
26:22 Bow Saw
28:52 Iron Casting
30:11 Gold Shaft Mining
adrian_mg123
5:05 Loom
10:33 Feudal Age
16:46 Castle Age
16:08 Double-Bit Axe
16:05 Horse Collar
16:18 Gold Mining
18:27 Scale Barding Armor
19:40 Fletching
20:30 Bloodlines
24:46 Elite Skirmisher
28:13 Bodkin Arrow
29:23 Ballistics
30:11 Wheelbarrow
Connection lost

Rejoining the realm…

Still unreachable

The connection could not be restored.

Session expired

The server has moved on; the page needs a fresh start.